 Dungeon Crawl Stone Soup version 0.20-a0-2-g2b0e13a (webtiles) character file.

7236 stelmagnum the Fighter (level 10, -1/101 HPs)
             Began as a Minotaur Berserker on Oct 29, 2016.
             Was a High Priest of Trog.
             Slain by Zigma's ghost (4 damage)
             ... on level 9 of the Dungeon.
             The game lasted 00:56:56 (9714 turns).

stelmagnum the Fighter (Minotaur Berserker)         Turns: 9714, Time: 00:56:57

Health: -1/101     AC: 15    Str: 25    XL:     10   Next: 88%
Magic:  7/9        EV:  8    Int:  4    God:    Trog [*****.]
Gold:   545        SH:  0    Dex: 10    Spells: 0 memorised, 9 levels left

rFire  . . .     SeeInvis .     f - +0 war axe
rCold  . . .     Gourm    .     e - +0 plate armour
rNeg   . . .     Faith    .     (no shield)
rPois  +         Spirit   .     (helmet restricted)
rElec  .         Reflect  .     C - +0 cloak
rCorr  .         Harm     .     (no gloves)
MR     .....                    F - +0 pair of boots
Stlth  ..........               (no amulet)
                                R - +1 ring of evasion
                                H - ring of poison resistance

@: drained
A: retaliatory headbutt, horns 2
a: Berserk, Trog's Hand, Brothers in Arms, Burn Spellbooks, Renounce Religion


You were on level 9 of the Dungeon.
You worshipped Trog.
Trog was extremely pleased with you.
You were not hungry.

You visited 1 branch of the dungeon, and saw 9 of its levels.
You also visited: Ossuary.

You collected 545 gold pieces.

Inventory:

Hand Weapons
 f - a +0 war axe (weapon)
 B - a +3 quarterstaff of chaos
 U - a +2 antimagic lajatang
Armour
 e - a +0 plate armour (worn)
 C - a +0 cloak (worn)
 F - a +0 pair of boots (worn)
Jewellery
 l - an uncursed ring of stealth
 q - an uncursed ring of fire
 s - an uncursed ring of see invisible
 t - an uncursed ring of wizardry
 H - a ring of poison resistance (left hand)
 J - an uncursed ring of ice
 R - a +1 ring of evasion (right hand)
Wands
 E - a wand of heal wounds (5/9)
 K - a wand of acid (9/15)
 N - a wand of flame (10/48)
 O - a wand of paralysis (9/24)
 Q - a wand of enslavement (16/24)
 S - a wand of lightning (4/15)
 T - a wand of flame (11/48)
Scrolls
 g - 5 scrolls of teleportation
 i - 2 scrolls of noise {unknown}
 j - 2 scrolls of recharging {unknown}
 k - 4 scrolls of remove curse
 v - 3 scrolls of immolation {unknown}
 y - 3 scrolls of fog
 M - a scroll of silence {unknown}
Potions
 h - 3 potions of agility
 m - 7 potions of curing
 n - 2 potions of brilliance
 r - 2 potions of might
 u - 4 potions of heal wounds
 w - a potion of invisibility
 z - 3 potions of lignification
 A - 2 potions of flight
 D - a potion of cancellation
 P - a potion of ambrosia
Comestibles
 b - 12 fruits
 c - 6 bread rations
 d - 8 beef jerkies
 o - a royal jelly
 p - 3 meat rations
 G - 4 slices of pizza
 L - a chunk of flesh


   Skills:
 * Level 13.4(12.4) Fighting
 * Level 13.3(12.3) Axes
 + Level 7.0(6.2) Armour
 - Level 2.1(1.4) Dodging


You had 9 spell levels left.
You didn't know any spells.

Dungeon Overview and Level Annotations

Branches:
Dungeon (9/15)             Temple (0/1) D:5
   Lair: D:8-11         Orc: D:9-12

Altars:
Elyvilon
Makhleb
Okawaru
Ru
Uskayaw
The Shining One

Annotations:
D:9 Zigma's ghost, novice DrTm


Innate Abilities, Weirdness & Mutations

You reflexively headbutt those who attack you in melee.
You have a pair of horns on your head.


Message History

Zigma's ghost is heavily damaged.
You hit Zigma's ghost. Your headbutt misses Zigma's ghost.
Zigma's ghost is heavily damaged.
Zigma's ghost hits you but does no damage.
You hit Zigma's ghost. Your headbutt misses Zigma's ghost.
Zigma's ghost is severely damaged.
Zigma's ghost hits you!
Your plate armour prevents you from hitting Zigma's ghost.
Your headbutt misses Zigma's ghost.
Zigma's ghost is severely damaged.
Zigma's ghost hits you but does no damage.
You slash Zigma's ghost!
Zigma's ghost is severely damaged.
Zigma's ghost breathes negative energy at you.
The bolt of negative energy hits you!
You feel drained.
* * * LOW HITPOINT WARNING * * *
You closely miss Zigma's ghost.
Zigma's ghost is severely damaged.
Zigma's ghost hits you.
You die...

##.......# ....#
####.#### ... #...#
##'# ###.### ##..#
#...# #..## ###.#
####'### #.# #......#
######.######.W....#
#........##..?@.....+
#........#..##).....#
...........###......#
#........### #.....(#
#........# #>.....#
######.### #......#
#. ######## .. ###


You could see Zigma's ghost.

Vanquished Creatures
  A deep elf mage (D:7)
  The ghost of vogonpoet the Spear-Bearer, a novice NaBe of Trog (D:5)
  Joseph (D:8)
  Grinder (D:6)
  The ghost of reaperXD the Cudgeler, an amateur DsFi (D:4)
  2 two-headed ogres
  Sigmund (D:6)
  3 yaks (D:9)
  An ice beast (D:5)
  3 orc warriors
  2 sky beasts
  A black bear (D:8)
  A phantom (D:7)
  3 centaurs
  9 ogres
  A necrophage (D:8)
  A big kobold (D:9)
  6 bullfrogs
  3 scorpions (D:7)
  6 killer bees
  3 wights (D:6)
  5 electric eels
  2 bullfrog zombies
  2 crimson imps
  2 centaur zombies
  4 hounds
  3 quasits
  A centaur skeleton (D:8)
  8 orc priests
  2 bullfrog skeletons
  A jelly (D:8)
  8 orc wizards
  Crazy Yiuf (D:5)
  Terence (D:2)
  10 worker ants
  A hell rat (D:6)
  A hound zombie (D:7)
  13 mummies (Ossuary)
  A worker ant zombie (D:6)
  12 adders
  6 river rats (D:6)
  4 shadow imps
  2 oozes (D:5)
  2 dart slugs
  3 worms
  2 leopard geckos
  28 orcs
  A ball python (D:4)
  3 bats (D:2)
  6 giant cockroaches
  3 goblins
  6 hobgoblins
  9 jackals
  11 kobolds
  A quokka (D:6)
  6 frilled lizards
  4 gnoll skeletons (Ossuary)
  A goblin skeleton (Ossuary)
  2 kobold skeletons (Ossuary)
  An orc skeleton (Ossuary)
  32 rats
  11 rat skeletons (Ossuary)
273 creatures vanquished.

Vanquished Creatures (others)
  A plant (D:7)
1 creature vanquished.

Grand Total: 274 creatures vanquished

Notes
Turn   | Place    | Note
-------+----------+-------------------------------------------
     0 | D:1      | stelmagnum the Minotaur Berserker began the quest for the Orb.
     0 | D:1      | Reached XP level 1. HP: 19/19 MP: 0/0
   222 | D:1      | Reached XP level 2. HP: 26/27 MP: 1/1
  1127 | D:2      | Reached XP level 3. HP: 25/34 MP: 2/2
  1185 | D:2      | Noticed Terence
  1207 | D:2      | Killed Terence
  1207 | D:2      | Reached skill level 5 in Fighting
  1275 | D:2      | Reached XP level 4. HP: 40/42 MP: 3/3
  1634 | D:3      | Found a faded altar of an unknown god.
  1637 | D:3      | Reached ** piety under Trog
  1789 | D:3      | Reached skill level 5 in Axes
  1847 | D:3      | Reached XP level 5. HP: 39/50 MP: 4/4
  2080 | D:3      | Noticed an ogre
  2087 | D:3      | Killed an ogre
  2425 | D:4      | Noticed an ogre
  2428 | D:4      | Killed an ogre
  2428 | D:4      | Reached XP level 6. HP: 38/58 MP: 5/5
  2479 | D:4      | Found a hide-covered altar of Uskayaw.
  2479 | D:4      | Found a burning altar of Makhleb.
  2684 | D:4      | Reached XP level 7. HP: 66/66 MP: 6/6
  2689 | D:4      | Found a sand-covered staircase.
  2713 | Ossuary  | Entered an ossuary
  2995 | Ossuary  | Reached *** piety under Trog
  3860 | D:4      | Noticed reaperXD's ghost (amateur DsFi)
  3866 | D:4      | Killed reaperXD's ghost
  3866 | D:4      | Reached skill level 5 in Armour
  3866 | D:4      | Reached XP level 8. HP: 74/74 MP: 7/7
  4141 | D:5      | Entered Level 5 of the Dungeon
  4288 | D:5      | Found a staircase to the Ecumenical Temple.
  4328 | D:5      | Noticed vogonpoet's ghost (novice NaBe)
  4346 | D:5      | Killed vogonpoet's ghost
  4508 | D:5      | Reached skill level 10 in Fighting
  4625 | D:5      | Reached **** piety under Trog
  4834 | D:5      | Reached XP level 9. HP: 85/85 MP: 8/8
  4977 | D:5      | Found a runed door.
  5087 | D:5      | Noticed Crazy Yiuf
  5090 | D:5      | Killed Crazy Yiuf
  5173 | D:6      | Found a glowing golden altar of the Shining One.
  5181 | D:6      | Noticed Sigmund
  5196 | D:6      | Killed Sigmund
  5196 | D:6      | Reached skill level 10 in Axes
  5734 | D:6      | Reached ***** piety under Trog
  5965 | D:6      | Noticed Grinder
  5976 | D:6      | Killed Grinder
  6211 | D:6      | Got a faintly humming chain mail
  6232 | D:6      | Identified the cursed +0 chain mail "Senoz" {Int+3} (You found it on level 6 of the Dungeon)
  7205 | D:7      | Reached XP level 10. HP: 58/97 MP: 9/9
  7766 | D:7      | Noticed a deep elf mage
  7780 | D:7      | Killed a deep elf mage
  8923 | D:8      | Found a sacrificial altar of Ru.
  9035 | D:8      | Found an iron altar of Okawaru.
  9243 | D:8      | Noticed Joseph
  9254 | D:8      | Killed Joseph
  9255 | D:8      | Found a white marble altar of Elyvilon.
  9652 | D:9      | Received a gift from Trog
  9689 | D:9      | Noticed Zigma's ghost (novice DrTm)
  9713 | D:9      | HP: 3/101 [Zigma's ghost/bolt of negative energy (47)]
  9714 | D:9      | Slain by Zigma's ghost

Vault maps used:
D:1:      lemuel_arrival_cross
D:2:      uniq_terence
D:3:      ecumenical_altar_1
D:4:      grunt_temple_overflow_open, enter_ossuary_2, first_bread
D:5:      roderic_nine_men_s_morris, uniq_crazy_yiuf_cottage
D:6:      lemuel_ratsnest, basic_altar, minivault_14, uniq_grinder, uniq_sigmund
D:7:      cheibrodos_two_vegetables, grunt_ogre_cave
D:8:      elyvilon_altar_1, basic_altar, okawaru_gym_becter, uniq_joseph
Ossuary:  ossuary_due_small_catacomb

Skill      XL: |  1  2  3  4  5  6  7  8  9 10 |
---------------+-------------------------------+-----
Fighting       | 4 5 6 7 8 10 12 13 | 13.4
Axes           | 4 5 6 7 9 11 13 | 13.3
Armour         | 3 4 5 7 |  7.0
Dodging        | |  2.1

Action                   |  1- 3 |  4- 6 |  7- 9 | 10-12 || total
-------------------------+-------+-------+-------+-------++-------
Melee: Hand axe          |    59 |    93 |   166 |       ||   318
       Headbutt          |    10 |    16 |    96 |    36 ||   158
       War axe           |       |       |   250 |   184 ||   434
Invok: Berserk           |     1 |     1 |    10 |     5 ||    17
       Brothers in Arms  |       |       |       |     2 ||     2
Evoke: Wand              |       |       |       |     4 ||     4
  Use: Scroll            |     1 |     2 |     8 |     6 ||    17
 Stab: Sleeping          |     2 |       |       |       ||     2
  Eat: Meat ration       |     1 |       |       |       ||     1
       Chunk             |       |     1 |     7 |     8 ||    16
       Bread ration      |       |       |     4 |     1 ||     5
Armor: Animal skin       |    12 |       |       |       ||    12
       Chain mail        |     3 |    38 |    23 |       ||    64
       Plate armour      |       |       |   162 |   104 ||   266
Dodge: Dodged            |    20 |    35 |   139 |    78 ||   272
